Map: 시뮬레이크럼 - 래더

Players

INnoVation

  • Race: Terran Terran
  • Spawn Location: 11:00

AgoElazer (Elazer) - Winner!

  • Race: Zerg Zerg
  • Spawn Location: 5:00

Event: StayAtHomestory Cup #1

VOD

Have the link to the VOD?

Description

Time

  • Played on: April 11, 2020, 3:44 p.m.
  • Length: 13:38

All games in this series

Show
View Real Time Build Order
Export as new Build Order

INnoVation Terran 

Build Orders: Reaper Expand 

Get SALT Encoding   

  12  0:00  SCV  
  13  0:13  SCV  
  14  0:17  Supply Depot  
  14  0:25  SCV  
  15  0:38  SCV  
  15  0:40  Barracks  
  16  0:44  Refinery  
  16  0:51  SCV  
  17  1:03  SCV  
  18  1:15  SCV  
  19  1:27  Orbital Command  
  19  1:28  Reaper  
  20  1:40  Command Center  
  20  1:49  Supply Depot  
  20  1:53  SCV  
  21  1:59  Marine  
  22  2:05  SCV  
  23  2:13  Factory  
  23  2:15  Refinery  
  23  2:17  SCV  
  23  2:22  Barracks Reactor  
  24  2:29  SCV  
  25  2:41  SCV  
  26  2:52  Orbital Command  
  26  2:53  SCV  
  26  2:57  Starport  
  27  3:00  Factory Tech Lab  
  27  3:01  Marine x2  
  27  3:03  Bunker  
  29  3:05  SCV  
  29  3:12  Orbital Command  
  30  3:17  SCV  
  30  3:18  Marine  
  30  3:19  Cyclone, Marine  
  36  3:24  Supply Depot  
  36  3:30  SCV  
  37  3:35  Medivac  
  37  3:38  Marine x2  
  41  3:46  Supply Depot  
  41  3:47  SCV x2  
  43  3:50  Orbital Command  
  43  3:54  Cyclone  
  46  4:08  SCV, Marine x2  
  49  4:15  Command Center  
  49  4:22  SCV x2  
  51  4:29  Starport Reactor  
  51  4:34  SCV x2  
  51  4:35  Stimpack  
  51  4:37  Supply Depot  
  53  4:38  Barracks  
  53  4:46  SCV  
  53  4:48  Factory Tech Lab  
  54  4:54  Barracks  
  54  4:55  Supply Depot  
  54  4:59  SCV, Marine  
  56  5:00  SCV  
  57  5:11  SCV  
  57  5:12  SCV, Engineering Bay  
  57  5:13  Engineering Bay  
  58  5:17  Marine  
  58  5:18  Refinery  
  59  5:23  SCV  
  59  5:24  SCV  
  59  5:26  Marine x2, Siege Tank  
  66  5:32  Starport Reactor  
  66  5:35  SCV, Orbital Command  
  66  5:36  SCV  
  66  5:42  Refinery  
  65  5:48  Marine x3  
  65  5:49  Marine  
  69  5:54  Terran Infantry Weapons Level 1, Terran Infantry Armor Level 1  
  69  5:55  Bunker  
  65  5:58  Siege Tank  
  63  6:06  Marine x2  
  63  6:07  Marine  
  63  6:17  Combat Shield  
  62  6:21  SCV x2, Supply Depot  
  62  6:22  Supply Depot  
  62  6:24  Orbital Command, Marine x2  
  62  6:25  Marine  
  66  6:28  Marine x2  
  69  6:39  Supply Depot x2  
  69  6:42  Medivac, Marine x2  
  69  6:43  SCV x2, Marine, Siege Tank  
  69  6:44  Supply Depot  
  79  6:51  SCV  
  79  6:52  Barracks  
  79  6:53  Barracks  
  80  6:55  SCV x2  
  80  7:00  Marine x4  
  80  7:01  Marine  
  86  7:03  Armory  
  86  7:06  SCV  
  86  7:07  SCV  
  86  7:08  SCV  
  90  7:11  Supply Depot  
  90  7:17  Supply Depot x2  
  90  7:18  Marine x2  
  90  7:19  SCV x2  
  90  7:20  SCV  
  95  7:23  Marine x3  
  95  7:27  Medivac x2  
  95  7:28  Siege Tank  
  105  7:34  SCV, Supply Depot  
  105  7:35  SCV x2  
  108  7:38  Refinery  
  108  7:43  Barracks Reactor x2  
  108  7:50  Marine x5  
  112  7:51  Terran Infantry Armor Level 2  
  112  7:53  SCV x3  
  112  7:56  Refinery  
  112  7:57  Supply Depot  
  115  8:05  Siege Tank  
  118  8:07  Marine  
  118  8:08  SCV x3, Marine x4  
  126  8:13  Terran Vehicle And Ship Armor Level 1  
  126  8:14  Factory  
  126  8:29  Marine x9  
  126  8:33  Drilling Claws  
  121  8:37  Widow Mine  
  118  8:44  Liberator  
  118  8:46  Barracks x2  
  118  8:47  Command Center, Marine x3  
  124  8:49  Barracks, Liberator  
  124  8:52  Concussive Shells  
  124  8:54  Marine x5  
  132  8:58  Factory Reactor  
  132  9:00  Widow Mine  
  132  9:11  Marauder, Marine x4  
  132  9:12  Marine x4  
  142  9:21  Widow Mine  
  144  9:24  Sensor Tower  
  144  9:25  Supply Depot  
  144  9:26  Supply Depot  
  144  9:27  SCV, Supply Depot  
  144  9:28  SCV x2  
  144  9:29  Marine x2  
  149  9:45  Barracks Tech Lab x3  
  149  9:47  Medivac x2, Marauder, Widow Mine  
  149  9:48  Widow Mine x2  
  161  9:58  Marine x8  
  166  10:08  Marauder  
  166  10:09  Terran Infantry Weapons Level 2  
  166  10:10  Terran Infantry Armor Level 3  
  160  10:14  SCV x2  
  160  10:16  Marine x5  
  160  10:18  Widow Mine x2  
  160  10:19  Widow Mine  
  172  10:22  Marauder x2  
  169  10:30  Marine x4  
  169  10:31  Marine  
  169  10:34  Marine x2  
  174  10:46  Planetary Fortress  
  174  10:48  Medivac x2, Marauder x2  
  174  10:49  Marine x3  
  177  10:58  Widow Mine  
  177  10:59  Widow Mine x2  
  185  11:04  Marauder x2, Marine  
  185  11:05  Marine  
  187  11:18  Supply Depot  
  187  11:19  Supply Depot, Terran Vehicle And Ship Armor Level 2  
  187  11:27  Sensor Tower  
  187  11:32  Widow Mine  
  187  11:33  Medivac, Marauder  
  187  11:35  Widow Mine, Marine  
  187  11:38  Marauder x2  
  187  11:39  Marauder  
  188  11:40  Medivac, Widow Mine  
  192  11:48  Command Center  
  192  12:00  Marauder x3  
  194  12:04  Widow Mine x3  
  194  12:07  Medivac  
  188  12:09  Marauder  
  188  12:13  Marine x8  
  184  12:21  Marauder x2  
  176  12:23  Marauder  
  176  12:28  Widow Mine x2  
  182  12:30  Marauder, Marine  
  182  12:31  Marine  
  182  12:34  Widow Mine  
  188  12:38  SCV  
  189  12:50  SCV  
  189  12:51  SCV, Liberator  
  189  12:52  Liberator  
  173  13:01  Marauder x3, Marine x5  
  152  13:14  Marauder, Marine x3  
Show
View Real Time Build Order
Export as new Build Order

AgoElazer Zerg - Winner!

Build Orders: Pool First 

Get SALT Encoding   

  12  0:00  Drone  
  13  0:12  Overlord  
  13  0:17  Drone  
  14  0:30  Drone x2  
  14  0:34  Drone  
  17  0:45  Spawning Pool  
  17  0:47  Drone  
  17  0:55  Drone  
  18  1:10  Hatchery  
  17  1:13  Extractor  
  17  1:16  Drone  
  17  1:18  Drone  
  18  1:31  Queen  
  18  1:32  Zergling x2  
  21  1:42  Roach Warren  
  21  1:44  Drone  
  21  1:51  Overlord  
  21  2:22  Roach x3  
  27  2:23  Roach  
  29  2:33  Drone  
  29  2:34  Drone  
  31  2:43  Drone x3  
  34  2:45  Drone  
  34  2:47  Drone  
  36  2:56  Overlord  
  36  3:06  Hatchery  
  36  3:07  Ravager  
  36  3:14  Queen  
  36  3:17  Drone x2  
  40  3:22  Drone x2  
  40  3:24  Drone  
  43  3:30  Ravager  
  44  3:48  Overlord  
  44  3:52  Metabolic Boost  
  44  3:57  Extractor  
  44  3:58  Drone x2, Extractor  
  44  3:59  Overlord  
  46  4:06  Queen  
  46  4:07  Drone x3  
  46  4:09  Drone  
  52  4:17  Overlord  
  52  4:19  Queen  
  54  4:25  Drone  
  54  4:26  Drone  
  54  4:27  Overlord  
  54  4:28  Extractor  
  54  4:29  Drone x3  
  58  4:38  Zergling x4  
  60  4:41  Zergling x2  
  60  4:42  Zergling x2  
  60  4:45  Queen  
  64  4:47  Zergling x2  
  64  4:49  Zergling x2  
  64  4:51  Overlord  
  65  5:08  Zergling x2  
  65  5:10  Overlord  
  65  5:11  Zergling x12  
  72  5:20  Overlord  
  70  5:22  Overlord, Drone x3  
  70  5:28  Lair, Queen  
  75  5:29  Baneling Nest  
  75  5:31  Drone x5  
  79  5:37  Zergling x6  
  80  5:46  Overlord  
  80  5:48  Drone x3  
  80  5:49  Drone  
  82  5:50  Drone  
  82  5:57  Drone x4  
  82  6:05  Drone x8  
  82  6:10  Evolution Chamber  
  85  6:12  Evolution Chamber, Drone, Extractor  
  85  6:16  Drone x2  
  83  6:24  Extractor  
  83  6:25  Overlord, Centrifical Hooks  
  82  6:28  Drone  
  82  6:29  Drone  
  82  6:31  Overlord  
  84  6:36  Hatchery, Zerg Ground Armor Level 1  
  84  6:37  Zerg Melee Weapons Level 1, Extractor  
  84  6:38  Zergling x2  
  84  6:39  Zergling x2  
  84  6:40  Zergling x2  
  84  6:41  Zergling x2  
  84  6:46  Zergling x8  
  90  6:52  Drone  
  90  6:53  Zergling x2  
  92  6:55  Pneumatized Carapace  
  92  6:58  Zergling x8  
  96  7:02  Overlord  
  96  7:04  Zergling x6  
  96  7:06  Ravager x2  
  101  7:09  Overlord  
  101  7:12  Zergling x2  
  101  7:13  Zergling x8  
  106  7:18  Zergling x2  
  106  7:22  Zergling x2  
  108  7:27  Zergling x2  
  108  7:28  Zergling x6  
  112  7:32  Zergling x6  
  112  7:35  Hatchery  
  112  7:37  Infestation Pit  
  113  7:38  Drone x2  
  113  7:40  Hatchery  
  113  7:42  Baneling x9  
  114  7:45  Drone x3  
  114  7:46  Drone  
  114  7:47  Drone  
  120  7:54  Hatchery, Drone x4  
  120  7:58  Overlord  
  122  8:03  Drone x6  
  122  8:05  Overlord  
  128  8:09  Overlord  
  128  8:10  Drone x2  
  129  8:15  Hive  
  127  8:20  Zergling x10  
  127  8:25  Zergling x6  
  127  8:26  Zergling x4  
  131  8:30  Zergling x8  
  131  8:33  Queen  
  132  8:37  Zergling x10  
  132  8:40  Baneling  
  132  8:41  Baneling x6  
  137  8:45  Zergling x4  
  137  8:46  Zerg Melee Weapons Level 2  
  138  8:50  Zerg Ground Armor Level 2  
  138  8:56  Zergling x16  
  138  8:58  Burrow  
  138  9:02  Drone x2  
  145  9:03  Extractor  
  145  9:04  Spore Crawler  
  145  9:06  Drone x3  
  145  9:09  Baneling x10  
  146  9:18  Zergling x20  
  146  9:21  Overlord  
  156  9:25  Overlord  
  156  9:27  Viper x2  
  156  9:30  Adrenal Glands  
  162  9:36  Extractor  
  162  9:38  Drone x3  
  163  9:39  Ultralisk Cavern  
  163  9:44  Overseer x2  
  162  9:51  Spore Crawler  
  156  10:00  Drone x7  
  159  10:13  Drone x2  
  159  10:14  Drone x2  
  160  10:16  Spore Crawler  
  160  10:17  Drone x8  
  160  10:20  Zergling x10  
  158  10:30  Drone x5  
  162  10:37  Zergling x6  
  162  10:38  Chitinous Plating  
  162  10:40  Drone  
  147  10:51  Ultralisk x5  
  176  11:00  Overlord x3  
  174  11:05  Spore Crawler  
  173  11:11  Overseer x3  
  173  11:13  Baneling x9  
  173  11:18  Queen x2  
  173  11:21  Zergling x34  
  187  11:33  Drone x9  
  187  11:35  Overlord  
  191  11:46  Baneling x11  
  191  11:55  Zergling x18  
  191  11:57  Anabolic Synthesis  
  165  12:15  Zergling x16  
  165  12:16  Zergling x24  
  181  12:27  Queen  
  181  12:28  Queen  
  184  12:40  Overlord  
  184  12:43  Spire  
  177  12:44  Extractor  
  177  12:45  Extractor  
  177  12:46  Baneling x15  
  177  12:50  Zergling x34  
  188  12:54  Zergling x6  
  161  13:14  Zergling x28  
  170  13:24  Overseer  
Tags
 
Add a new tag
Caveats
  • Supply blocks, unpowered buildings, or Contaminate may cause inaccurate times.
  • Supply counts are checked every 10 seconds.